 Dungeon Crawl Stone Soup version 0.25-a0-583-g696c2ac64d (webtiles) character file.

Game seed: 17950565920465938616, levelgen mode: deterministic

83344 LairdRich the Warrior (level 15, -9/155 HPs)
             Began as a Minotaur Berserker on Mar 8, 2020.
             Was a High Priest of Trog.
             Mangled by an entropy weaver (11 damage)
             ... on level 1 of the Spider Nest on Mar 9, 2020.
             The game lasted 01:26:00 (21412 turns).

LairdRich the Warrior (Minotaur Berserker)         Turns: 21412, Time: 01:26:01

Health: -9/155     AC: 10    Str: 25    XL:     15   Next: 32%
Magic:  17/17      EV:  7    Int:  4    God:    Trog [*****.]
Gold:   1627       SH:  0    Dex: 11    Spells: 14/14 levels left

rFire    + . .     SeeInvis +   a - +6 broad axe of Anger {flame, rPois rC+ rN++ Int-2}
rCold    + . .     Gourm    .   I - +0 kite shield
rNeg     + + .     Faith    .   p - +4 scale mail of Taegoc {rF+ MR+ Regen+ Stlth+}
rPois    +         Spirit   .   (helmet restricted)
rElec    .         Reflect  +   L - scarf {cloud immunity}
rCorr    .         Harm     .   g - +0 pair of gloves
MR       ++++.                  G - +0 pair of boots
Stlth    ..........             V - +6 amulet of reflection
HPRegen  1.75/turn              k - +3 ring of protection
MPRegen  0.15/turn              f - ring of see invisible

@: confused, corroded, held, regenerating
A: retaliatory headbutt, horns 2
a: Berserk, Trog's Hand, Brothers in Arms, Renounce Religion


You were on level 1 of the Spider Nest.
You worshipped Trog.
Trog was extremely pleased with you.
You were not hungry.

You visited 4 branches of the dungeon, and saw 23 of its levels.
You also visited: Sewer, Ossuary and Bailey.

You collected 2858 gold pieces.
You spent 1231 gold pieces at shops.

Inventory:

Hand Weapons
 a - the +6 broad axe of Anger (weapon) {flame, rPois rC+ rN++ Int-2}
   (Trog gifted it to you on level 9 of the Dungeon)

   It has been specially enchanted to burn those struck by it, causing extra
   injury to most foes and up to half again as much damage against particularly
   susceptible opponents.
   Big, fiery blades are also staple armaments of hydra-hunters.
   It affects your intelligence (-2).
   It protects you from cold.
   It protects you from poison.
   It greatly protects you from negative energy.
 b - a +5 trident of freezing
 D - a +1 executioner's axe of flaming
 F - a +1 demon whip
 T - a +2 scimitar of flaming
Armour
 g - a +0 pair of gloves (worn)
 p - the +4 scale mail of Taegoc (worn) {rF+ MR+ Regen+ Stlth+}
   (You found it on level 3 of the Dungeon)

   It protects you from fire.
   It affects your resistance to hostile enchantments.
   It increases your rate of regeneration.
   It makes you more stealthy.
 C - a +1 chain mail of fire resistance
 G - a +0 pair of boots (worn)
 I - a +0 kite shield (worn)
 L - a scarf of cloud immunity (worn)
Jewellery
 e - an uncursed ring of positive energy
 f - a ring of see invisible (right hand)
 k - a +3 ring of protection (left hand)
 n - the ring "Temashrump" {+Fly Str+2}
   (You found it on level 5 of the Dungeon)

   [ring of flight]

   It affects your strength (+2).
   It lets you fly.
 x - an uncursed ring of ice
 B - an uncursed ring of protection from cold
 P - an uncursed ring of resist corrosion
 U - an uncursed ring of protection from cold
 V - a +6 amulet of reflection (around neck)
 Y - an uncursed ring of fire
Wands
 h - a wand of acid (4)
 m - a wand of iceblast (6)
 E - a wand of random effects (28)
 N - a wand of disintegration (10)
 R - a wand of polymorph (7)
Scrolls
 d - 12 scrolls of teleportation
 i - 9 scrolls of remove curse
 j - 4 scrolls of fear
 l - 4 scrolls of fog
 r - a scroll of enchant armour
 t - 6 scrolls of enchant weapon
 v - 2 scrolls of blinking
 M - a scroll of torment
 W - 5 scrolls of identify
Potions
 o - 5 potions of heal wounds
 q - 6 potions of flight
 u - 2 potions of brilliance
 w - 4 potions of curing
 y - 5 potions of haste
 z - 2 potions of ambrosia
 A - 2 potions of invisibility
 J - 4 potions of might
 K - 3 potions of cancellation
 O - 4 potions of stabbing
 Q - a potion of berserk rage
 X - a potion of resistance
Comestibles
 c - 40 rations
 s - 13 chunks of flesh


   Skills:
 + Level 19.8 Fighting
 - Level 18.0 Axes
 - Level 10.0 Armour
 - Level 10.0 Dodging
 + Level 13.2 Shields
 - Level 5.0 Evocations


You had 14 spell levels left.
You didn't know any spells.
Your spell library was empty.

Dungeon Overview and Level Annotations

Branches:
Dungeon (15/15)            Temple (0/1) D:7            Lair (5/6) D:10
 Shoals (0/4) Lair:3       Spider (1/4) Lair:4          Orc (2/2) D:12
    Elf (0/3) Orc:2        Vaults (0/5) D:13          Sewer (visited)
Ossuary (visited)          Bailey (visited)
  Slime: Lair:5-6    Depths: D:15

Altars:
Cheibriados
Dithmenos
Fedhas
Gozag
Okawaru
Trog
Uskayaw
Vehumet
Xom
Yredelemnul

Shops:
D:13 :}?=!   D:14 [   Orc:2 ??%!:

Annotations:
D:3 1 runed translucent door
D:10 2 transporters, exclusions: downstairs and 1 more exclusion, Yraopag's ghost, novice DECj
D:14 Roxanne


Innate Abilities, Weirdness & Mutations

You reflexively headbutt those who attack you in melee.
You have a pair of horns on your head.


Message History

The jumping spider closely misses you. x2
The entropy weaver hits you but does no damage.
The entropy weaver hits you!
* * * LOW HITPOINT WARNING * * *
The entropy weaver hits you but does no damage.
The entropy weaver hits you.
* * * LOW HITPOINT WARNING * * *
The tarantella bites you.
* * * LOW HITPOINT WARNING * * *
You're too confused!
The web tears apart.
The jumping spider pounces on you.
* * * LOW HITPOINT WARNING * * *
You are caught in a web!
The jumping spider bites you but does no damage.
The tarantella misses you. The entropy weaver hits you!
* * * LOW HITPOINT WARNING * * *
The entropy weaver hits you.
* * * LOW HITPOINT WARNING * * *
The entropy weaver hits you!
You die...

#.....### ..##
#^ ##...###.###
#.
#..........####
##
#...#......#...
##^.#..........
##.#...[......
####....####
###.....#..#
#....††@a..#
##..^..ss...#
##..#.........
#..#.....#...
##.#.....# ..
###..#...# #
...##.... #.##
....


You could see an entropy weaver, a jumping spider and a tarantella.

Vanquished Creatures
  Jorgrun (D:14)
  Rupert (D:14)
  A ghost moth (Spider:1)
  Snorg (D:11)
  Josephine (Lair:5)
  4 hydras
  An alligator (shapeshifter) (D:10)
  3 ogre magi
  13 two-headed ogres
  Nergalle (D:12)
  A shadow wraith (D:13)
  8 hell knights (D:13)
  3 deep trolls
  3 unseen horrors
  Pikel (D:7)
  3 orc knights
  A necromancer (D:13)
  5 orb spiders (Spider:1)
  An ugly thing (D:13)
  3 deep elf magi
  6 wolf spiders
  An orc sorcerer (Orc:1)
  3 manticores
  A moth of wrath (Spider:1)
  5 cyclopes
  A centaur zombie (D:10)
  Joseph (D:7)
  A black mamba (Lair:3)
  9 elephants (Lair:5)
  A black mamba (shapeshifter) (D:13)
  A gargoyle (D:12)
  8 spiny frogs
  3 demonic crawlers (Spider:1)
  7 komodo dragons
  An efreet (D:14)
  A freezing wraith (D:13)
  A meliai (D:10)
  11 trolls
  3 jumping spiders (Spider:1)
  A hornet (D:9)
  5 blink frogs (Lair:4)
  10 hippogriffs
  3 wraiths (Lair:5)
  A centaur simulacrum (D:14)
  24 yaks
  A vampire (D:10)
  26 redbacks
  Sigmund (D:3)
  11 tarantellas (Spider:1)
  4 wyverns
  A steam dragon (D:10)
  2 hungry ghosts
  2 basilisks
  4 vampire mosquitoes (D:9)
  Menkaure (D:7)
  A soldier ant (D:10)
  A warg (Orc:2)
  7 hell hounds (D:13)
  4 water moccasins
  4 porcupines
  18 orc warriors
  7 ice beasts
  A hornet zombie (D:10)
  2 black bears (D:9)
  4 sky beasts
  33 ogres
  5 phantoms
  An eye of draining (D:12)
  6 wolves
  4 centaurs
  9 crocodiles
  2 big kobolds
  14 bullfrogs
  2 wyvern skeletons
  2 scorpions (D:10)
  The ghost of Flugslaktarn the Skirmisher, a weakling MiFi (D:3)
  8 killer bees
  5 howler monkeys
  5 crimson imps
  5 hounds
  13 orc priests
  4 centaur skeletons
  4 jellies
  An iguana (D:6)
  17 orc wizards
  5 hell rats (Lair:5)
  Ijyb (D:5)
  16 worker ants
  2 hound zombies
  3 hound skeletons
  13 mummies (Ossuary)
  3 worker ant zombies
  A howler monkey skeleton (D:10)
  5 gnolls
  12 adders
  2 river rats
  5 shadow imps
  2 worker ant simulacra (D:10)
  An ooze (D:4)
  2 adder skeletons
  5 worms
  4 dart slugs
  9 leopard geckos
  68 orcs
  6 ball pythons
  7 bats
  10 giant cockroaches
  19 goblins
  9 hobgoblins
  11 jackals
  3 quokkas
  10 frilled lizards
  2 gnoll skeletons (Ossuary)
  4 goblin skeletons (Ossuary)
  A jackal zombie (D:9)
  29 kobolds
  2 orc skeletons (Ossuary)
  A quokka skeleton (D:5)
  2 quokka zombies (D:4)
  12 rats
  11 rat skeletons (Ossuary)
  5 fungi
  2 plants
713 creatures vanquished.

Vanquished Creatures (collateral kills)
  An oklob plant (Lair:5)
1 creature vanquished.

Vanquished Creatures (others)
  Sonja (D:13)
  A cyclops (Orc:2)
  A troll (Orc:2)
  A centaur (D:15)
  7 fungi (Lair:5)
  A plant (Lair:5)
12 creatures vanquished.

Grand Total: 726 creatures vanquished

Notes
Turn   | Place    | Note
-------+----------+-------------------------------------------
     0 | D:1      | LairdRich the Minotaur Berserker began the quest for the
                  | Orb.
     0 | D:1      | Reached XP level 1. HP: 19/19 MP: 0/0
   128 | D:1      | Reached XP level 2. HP: 6/27 MP: 1/1
   423 | D:1      | Reached skill level 4 in Fighting
   619 | D:1      | Reached XP level 3. HP: 33/33 MP: 2/2
   941 | D:2      | Reached ** piety under Trog
  1290 | D:2      | Reached XP level 4. HP: 33/41 MP: 3/3
  1477 | D:2      | Found a snail-covered altar of Cheibriados.
  1894 | D:2      | Found a shadowy altar of Dithmenos.
  2044 | D:3      | Noticed an ogre
  2300 | D:3      | Noticed Sigmund
  2315 | D:3      | Killed Sigmund
  2315 | D:3      | Reached skill level 5 in Fighting
  2315 | D:3      | Reached skill level 5 in Axes
  2315 | D:3      | Reached XP level 5. HP: 13/48 MP: 4/4
  2315 | D:3      | Reached XP level 6. HP: 15/56 MP: 5/5
  2796 | D:3      | Found a runed translucent door.
  2797 | D:3      | Noticed Flugslaktarn's ghost (weakling MiFi)
  2798 | D:3      | Reached *** piety under Trog
  2816 | D:3      | Killed Flugslaktarn's ghost
  2823 | D:3      | Found a runed translucent door.
  2986 | D:3      | Got a faintly glowing scale mail
  2996 | D:3      | Identified the +4 scale mail of Taegoc {rF+ MR+ Regen+
                  | Stlth+} (You found it on level 3 of the Dungeon)
  3188 | D:4      | Reached skill level 5 in Armour
  3188 | D:4      | Reached XP level 7. HP: 57/62 MP: 6/6
  3430 | D:4      | Reached skill level 6 in Fighting
  3532 | D:4      | Reached skill level 5 in Dodging
  3658 | D:4      | Reached skill level 1 in Evocations
  3668 | D:4      | Found a sand-covered staircase.
  3676 | Ossuary  | Entered an ossuary
  3768 | Ossuary  | Reached **** piety under Trog
  4425 | D:4      | Reached skill level 7 in Fighting
  4425 | D:4      | Reached XP level 8. HP: 73/73 MP: 8/8
  4496 | D:5      | Entered Level 5 of the Dungeon
  4885 | D:5      | Noticed Ijyb
  4891 | D:5      | Killed Ijyb
  4931 | D:5      | Got a glittering tin ring
  4932 | D:5      | Identified the ring "Temashrump" {+Fly Str+2} (You found it
                  | on level 5 of the Dungeon)
  5222 | D:6      | Found a basalt altar of Yredelemnul.
  5249 | D:6      | Reached skill level 8 in Fighting
  5259 | D:6      | Found a glowing drain.
  5263 | Sewer    | Entered a sewer
  5275 | Sewer    | Reached ***** piety under Trog
  5275 | Sewer    | Received a gift from Trog
  6125 | D:6      | Reached XP level 9. HP: 82/82 MP: 11/11
  6335 | D:7      | Noticed Menkaure
  6339 | D:7      | Killed Menkaure
  6409 | D:7      | Found a staircase to the Ecumenical Temple.
  6463 | D:7      | Reached skill level 9 in Fighting
  6543 | D:7      | Reached skill level 5 in Evocations
  6592 | D:7      | Noticed Joseph
  6608 | D:7      | Killed Joseph
  6630 | D:7      | Noticed Pikel
  6638 | D:7      | Killed Pikel
  6638 | D:7      | Reached skill level 10 in Fighting
  6638 | D:7      | Reached skill level 10 in Axes
  6806 | D:7      | Found a flagged portal.
  6819 | Bailey   | Entered a bailey
  6825 | Bailey   | Noticed an orc knight
  6889 | Bailey   | Received a gift from Trog
  7067 | Bailey   | Reached XP level 10. HP: 85/94 MP: 12/12
  7083 | Bailey   | Noticed an orc knight
  7109 | Bailey   | Killed an orc knight
  7109 | Bailey   | Reached skill level 11 in Fighting
  7546 | Bailey   | Killed an orc knight
  8399 | D:8      | Reached skill level 12 in Fighting
  8791 | D:8      | Found an iron altar of Okawaru.
  9043 | D:9      | Reached skill level 1 in Shields
  9187 | D:9      | Received a gift from Trog
  9190 | D:9      | Got an ichor-stained broad axe {god gift}
  9192 | D:9      | Identified the +6 broad axe of Anger {flame, rPois rC+ rN++
                  | Int-2} (Trog gifted it to you on level 9 of the Dungeon)
  9392 | D:9      | Found an opulent altar of Gozag.
  9394 | D:9      | Found a blossoming altar of Fedhas.
  9708 | D:9      | Found a shimmering altar of Xom.
  9783 | D:9      | Noticed a two-headed ogre
  9791 | D:9      | Killed a two-headed ogre
  9791 | D:9      | Reached XP level 11. HP: 100/105 MP: 13/13
  9814 | D:9      | Found a bloodstained altar of Trog.
  9955 | D:10     | Entered Level 10 of the Dungeon
 10197 | D:10     | Noticed a two-headed ogre
 10204 | D:10     | Killed a two-headed ogre
 10265 | D:10     | Identified a scroll of acquirement
 10282 | D:10     | Found a staircase to the Lair.
 10425 | D:10     | Reached skill level 13 in Fighting
 10434 | D:10     | Reached skill level 5 in Shields
 10456 | D:10     | You fall into a shaft and drop 2 floors!
 10506 | D:11     | Received a gift from Trog
 10558 | D:10     | Found a transporter.
 10558 | D:10     | Found a transporter.
 10558 | D:10     | Noticed Yraopag's ghost (novice DECj)
 10558 | D:10     | Identified the +9 dire flail "Nofabon" {protect, rElec rF++
                  | Int+2}
 10558 | D:10     | Identified the cursed +1 dire flail of the Hills {pain,
                  | Stlth+}
 10558 | D:10     | Noticed a two-headed ogre
 10623 | D:10     | Killed an unseen horror
 10683 | D:10     | Noticed an ettin
 10685 | D:10     | Noticed an alligator
 10685 | D:10     | an ettin changed into an alligator
 10695 | D:10     | Killed an alligator
 10706 | D:10     | Noticed a deep elf mage
 10726 | D:10     | Killed a deep elf mage
 11065 | Lair:1   | Entered Level 1 of the Lair of Beasts
 12175 | Lair:2   | Reached XP level 12. HP: 92/116 MP: 14/14
 12459 | Lair:3   | Reached skill level 14 in Fighting
 12551 | Lair:3   | Found a staircase to the Shoals.
 13024 | Lair:3   | Got an ichor-stained ring mail
 13036 | Lair:3   | Identified the +1 ring mail of Cilummug {*Slow Regen+ Int+6
                  | Dex+4} (You found it on level 3 of the Lair of Beasts)
 13296 | Lair:4   | Reached skill level 15 in Axes
 13383 | Lair:4   | Found a hole to the Spider Nest.
 13830 | Lair:4   | Reached skill level 15 in Fighting
 14030 | Lair:5   | Noticed a four-headed hydra
 14040 | Lair:5   | Killed a one-headed hydra
 14059 | Lair:5   | Found a hide-covered altar of Uskayaw.
 14060 | Lair:5   | Noticed Josephine
 14072 | Lair:5   | Killed Josephine
 14128 | Lair:5   | Received a gift from Trog
 14245 | Lair:5   | Reached XP level 13. HP: 89/127 MP: 15/15
 15287 | D:11     | Noticed Snorg
 15297 | D:11     | Killed Snorg
 15297 | D:11     | Reached skill level 16 in Fighting
 15433 | D:11     | Reached skill level 10 in Armour
 15814 | D:12     | Noticed Nergalle
 15828 | D:12     | Killed Nergalle
 16114 | D:12     | Found a staircase to the Orcish Mines.
 16160 | D:12     | Received a gift from Trog
 16563 | D:13     | Found Kahud's Magic Scroll Boutique.
 16595 | D:13     | Reached skill level 10 in Shields
 16719 | D:13     | Found Ejurr's Jewellery Boutique.
 16725 | D:13     | Bought a +6 amulet of reflection for 760 gold pieces
 16754 | D:13     | Found Viogyu's Gadget Shoppe.
 16758 | D:13     | Found Synupeu's Book Shop.
 16861 | D:13     | Reached skill level 17 in Fighting
 16980 | D:13     | Noticed Sonja
 16992 | D:13     | Killed Sonja
 17100 | D:13     | Found a gate to the Vaults.
 17199 | D:13     | Found Duili's Distillery.
 17206 | D:13     | Bought 2 potions of degeneration for 30 gold pieces
 17836 | D:13     | Reached XP level 14. HP: 115/140 MP: 16/16
 18156 | D:14     | Noticed Rupert
 18201 | D:14     | Killed Rupert
 18291 | D:14     | Identified Roxanne's Guide on Stones
 18291 | D:14     | Noticed Roxanne
 18403 | D:14     | Found Hexkot's Armour Shoppe.
 18545 | D:14     | Noticed Jorgrun
 18560 | D:14     | Killed Jorgrun
 18796 | D:14     | Reached skill level 18 in Fighting
 19304 | D:15     | Entered Level 15 of the Dungeon
 19305 | D:15     | Found a radiant altar of Vehumet.
 19483 | Orc:1    | Entered Level 1 of the Orcish Mines
 19641 | Orc:2    | Entered Level 2 of the Orcish Mines
 19777 | Orc:1    | Received a gift from Trog
 20203 | Orc:2    | Found Hoyciudu's Magic Scroll Emporium.
 20223 | Orc:2    | Bought a scroll of teleportation for 54 gold pieces
 20223 | Orc:2    | Bought a scroll of blinking for 135 gold pieces
 20223 | Orc:2    | Bought a scroll of teleportation for 54 gold pieces
 20223 | Orc:2    | Bought a scroll of teleportation for 54 gold pieces
 20223 | Orc:2    | Bought a scroll of identify for 36 gold pieces
 20223 | Orc:2    | Bought a scroll of remove curse for 54 gold pieces
 20223 | Orc:2    | Bought a scroll of teleportation for 54 gold pieces
 20290 | Orc:2    | Found Ivacs's Magic Scroll Shop.
 20306 | Orc:2    | Found Luvy's Food Shop.
 20312 | Orc:2    | Reached skill level 19 in Fighting
 20375 | Orc:2    | Found Notzu's Distillery.
 20389 | Orc:2    | Found Hiociklo's Book Boutique.
 20419 | Orc:2    | Found a staircase to the Elven Halls.
 20872 | Spider:1 | Entered Level 1 of the Spider Nest
 20926 | Spider:1 | Reached XP level 15. HP: 152/152 MP: 17/17
 20973 | Spider:1 | Received a gift from Trog
 21086 | Spider:1 | Noticed a ghost moth
 21093 | Spider:1 | Killed a ghost moth
 21389 | Spider:1 | Reached skill level 10 in Dodging
 21412 | Spider:1 | HP: 4/155 [entropy weaver (10)]
 21412 | Spider:1 | Mangled by an entropy weaver

Levels and vault maps discovered:
D:1:      evilmike_arrival_fibonacci_small, layout_basic,
          chequers_serial_rivers_marsh
D:2:      kennysheep_the_goblin_king, layout_loops_ring,
          lemuel_coloured_pillars_altar, kennysheep_slug_shrine, first_ration
D:3:      layout_rooms, ebering_ghost_sewer_f,
          wander_ebering_terrifying_dragon_lair, uniq_sigmund
D:4:      layout_loops_ring, enter_ossuary_4
D:5:      layout_cave_pools, grunt_ministairs_9, lightli_corner_chamber,
          uniq_ijyb
D:6:      layout_basic, yredelemnul_altar_generic, gup_sewer_entry_bowl,
          minmay_misc_feat_chi, minivault_24
D:7:      layout_loops_corners, temple_pool_b, enter_bailey_3, grunt_ogre_cave,
          uniq_menkaure, uniq_pikel, uniq_joseph
D:8:      layout_gridville, kennysheep_mini_moat
D:9:      layout_cave_pools, trog_ov_bears_minmay, xom_butterflies,
          chequers_temple_overflow_statue_of_worship
D:10:     layout_rooms, erik_lair_dragon, gammafunk_ghost_smash, minivault_28
D:11:     layout_roguey, uniq_snorg
D:12:     layout_loops_ring, david_orc_4, uniq_nergalle
D:13:     layout_basic, david_vaults_4, serial_shops,
          nicolae_shop_temple_entry_statues_fountains,
          nicolae_shop_temple_entry_statues_fountains, shop, shop, shop,
          minmay_rotating_lava, uniq_sonja
D:14:     layout_irregular_city, serial_shops, shop,
          minmay_staircase_windowed_small, uniq_roxanne, uniq_rupert,
          uniq_jorgrun
D:15:     grunt_enter_depths_magical_seal, layout_rooms, basic_altar,
          hangedman_abyss_or_decor_clamps, minmay_fractal_squares_gapless_7
Lair:1:   layout_chaotic_city, patterned_corridor, lemuel_fruit_tree
Lair:2:   layout_long_grid
Lair:3:   layout_long_grid, minmay_shoals_entry_beasts, grunt_megastairs_5
Lair:4:   layout_regular_city, spider_nest_entry_rubble,
          minmay_stone_trees_small
Lair:5:   layout_regular_city, basic_altar, chequers_serial_rivers_micro_e,
          kennysheep_catoblepas_arena, uniq_josephine
Spider:1: layout_spider_delve
Orc:1:    layout_caves
Orc:2:    st_orc_open, layout_diamond_mine, serial_shops, shop

Skill      XL: |  1  2  3  4  5  6  7  8  9 10 11 12 13 14 15 |
---------------+----------------------------------------------+-----
Fighting       | 4 5 7 8 10 12 13 15 17 19 | 19.8
Axes           | 4 5 6 8 10 12 14 15 17 18 | 18.0
Armour         | 3 4 5 7 9 10 | 10.0
Dodging        | 3 4 5 6 9 10 | 10.0
Evocations     | 2 4 5 |  5.0
Shields        | 3 6 8 10 12 13 | 13.2

Action                   |  1- 3 |  4- 6 |  7- 9 | 10-12 | 13-15 || total
-------------------------+-------+-------+-------+-------+-------++-------
Melee: Hand axe          |    85 |   116 |   243 |       |       ||   444
       Headbutt          |    16 |    21 |    71 |   111 |   117 ||   336
       Dire flail        |       |       |    28 |       |       ||    28
       Trident           |       |       |   116 |   152 |   125 ||   393
       Broad axe         |       |       |       |   355 |   572 ||   927
Throw: Boomerang         |       |       |     2 |     2 |     3 ||     7
Invok: Trog's Hand       |       |     2 |     1 |     4 |     9 ||    16
       Berserk           |       |     1 |       |       |       ||     1
       Brothers in Arms  |       |       |       |       |     3 ||     3
 Abil: Evoke Flight      |       |       |     3 |     5 |     3 ||    11
       Stop Flying       |       |       |       |     2 |     3 ||     5
Evoke: Wand              |       |       |     3 |    17 |    12 ||    32
  Use: Scroll            |       |       |    15 |    11 |    16 ||    42
       Potion            |       |       |       |       |     4 ||     4
  Eat: Chunk             |     1 |     5 |     9 |    14 |    15 ||    44
       Ration            |       |     1 |     2 |     3 |     4 ||    10
Armor: Animal skin       |    15 |       |       |       |       ||    15
       Leather armour    |     5 |    21 |       |       |       ||    26
       Scale mail        |       |     6 |   126 |   205 |   161 ||   498
Dodge: Dodged            |    71 |    69 |   234 |   199 |   202 ||   775
Block: Kite shield       |       |       |       |   214 |   440 ||   654
       Reflection        |       |       |       |       |    21 ||    21

Table legend:
 A = Non-vault XP
 B = Vault XP
 C = Vault XP percentage of total XP
 D = Non-vault monster count
 E = Vault monster count
 F = Vault count percentage of total count
                 A         B        C        D         E       F
            +---------+---------+-------+---------+---------+-------
      Total |   74834 |   44229 |  37.1 |     501 |     209 |  29.4
            +---------+---------+-------+---------+---------+-------
        D:1 |      41 |       0 |   0.0 |      26 |       0 |   0.0
        D:2 |      88 |      18 |  17.0 |      30 |       8 |  21.1
        D:3 |     191 |     320 |  62.6 |      17 |       7 |  29.2
        D:4 |     599 |       2 |   0.3 |      25 |       2 |   7.4
        D:5 |     400 |     145 |  26.6 |      10 |       2 |  16.7
        D:6 |     602 |      20 |   3.2 |      12 |       4 |  25.0
        D:7 |    1222 |    1473 |  54.7 |      18 |       8 |  30.8
        D:8 |    1241 |       0 |   0.0 |      26 |       0 |   0.0
        D:9 |    3182 |     252 |   7.3 |      43 |       2 |   4.4
       D:10 |    3606 |    3669 |  50.4 |      23 |      16 |  41.0
       D:11 |    3913 |     898 |  18.7 |      31 |       1 |   3.1
       D:12 |    4720 |    1531 |  24.5 |      24 |      19 |  44.2
       D:13 |    4866 |    9546 |  66.2 |      18 |      19 |  51.4
       D:14 |    7470 |    5634 |  43.0 |      21 |       2 |   8.7
       D:15 |    1437 |       0 |   0.0 |       4 |       0 |   0.0
     Lair:1 |    1171 |       0 |   0.0 |       6 |       0 |   0.0
     Lair:2 |     716 |       0 |   0.0 |       3 |       0 |   0.0
     Lair:3 |    4020 |     768 |  16.0 |      16 |       2 |  11.1
     Lair:4 |    4642 |     216 |   4.4 |      23 |       1 |   4.2
     Lair:5 |    9648 |    1698 |  15.0 |      35 |       4 |  10.3
   Spider:1 |   17651 |       0 |   0.0 |      54 |       0 |   0.0
      Orc:1 |    1944 |       0 |   0.0 |      27 |       0 |   0.0
      Orc:2 |    1464 |   15622 |  91.4 |       9 |      37 |  80.4
      Sewer |       0 |     154 | 100.0 |       0 |      17 | 100.0
    Ossuary |       0 |     257 | 100.0 |       0 |      31 | 100.0
     Bailey |       0 |    2006 | 100.0 |       0 |      27 | 100.0
            +---------+---------+-------+---------+---------+-------
